 Dungeon Crawl Stone Soup version 0.29.1-15-g9cfb28693d (webtiles) character file.

Game seed: 9511896508544635707

146426 fleeber the Warrior (level 17, -6/151 HPs)
             Began as a Merfolk Gladiator on Feb 28, 2023.
             Was a High Priest of Ashenzari.
             Mangled by a radroach (40 damage)
             ... on level 2 of the Spider Nest on Mar 3, 2023.
             The game lasted 02:27:56 (33272 turns).

fleeber the Warrior (Merfolk Gladiator)            Turns: 33272, Time: 02:27:56

Health: -6/151     AC: 18    Str: 12      XL:     17   Next: 44%
Magic:  2/17       EV: 29    Int:  8      God:    Ashenzari [*****.]
Gold:   1402       SH: 21    Dex: 27 (28) Spells: 14/16 levels left

rFire   + + +      SeeInvis +   l - +5 scimitar of Ashenzari's Mistrust {flame, Comp, Cun} (curse)
rCold   + + .      Faith    .   I - +5 kite shield of the Mantic Visionary {reflect, Fort, Melee} (curse)
rNeg    . . .      Spirit   .   f - +0 acid dragon scales "Circumscribed Together" {rCorr, Alch, Bglg} (curse)
rPois   +          Reflect  +   w - +2 hat of the Soothsayer {Alch, Melee} (curse)
rElec   .          Harm     .   X - +2 cloak of Desmomancy {rPois, Self, Range} (curse)
rCorr   +          Rampage  .   a - +2 pair of gloves of the Wild Blue Yonder {Cun, Fort} (curse)
Will    ++...      Clarity  +   (no boots)
Stlth   +++.......              U - amulet of the Ruined Boredom {Regen+, Range, Comp} (curse)
HPRegen 1.15/turn               N - ring "Shattered With Me" {Will+, Comp, Melee} (curse)
MPRegen 0.15/turn               K - ring "I Knew You'd Do That" {*Slow rF+++ rC++ Str-3 Dex+6, Range, Fort} (curse)

@: contaminated, hasted, glowing, studying 2 skills, very quick
A: (nimble swimmer 2), mertail
a: Renounce Religion, Curse Item, Shatter the Chains


You were on level 2 of the Spider Nest.
You worshipped Ashenzari.
Ashenzari was extremely pleased with you.
You visited 4 branches of the dungeon, and saw 25 of its levels.
You also visited: Ice Cave.

You collected 4644 gold pieces.
You spent 3242 gold pieces at shops.

Inventory:

Hand Weapons
 l - the cursed +5 scimitar of Ashenzari's Mistrust (weapon) {flame, Comp, Cun}
   (You took it off Erica on level 9 of the Dungeon)

   It burns those it strikes, dealing additional fire damage.
   Big, fiery blades are also staple armaments of hydra-hunters.
   It has a curse which improves the following skills: Companions: Summonings
   and Necromancy.
   Cunning:   Dodging and Stealth.
Missiles
 d - 8 throwing nets
 e - 6 javelins
 g - 47 poisoned darts
 j - 139 stones (quivered)
 E - 7 curare-tipped darts
 M - 6 silver javelins
Armour
 a - the cursed +2 pair of gloves of the Wild Blue Yonder (worn) {Cun, Fort}
   (You found it on level 11 of the Dungeon)

   It has a curse which improves the following skills: Cunning: Dodging and
   Stealth.
   Fortitude: Armour and Shields.
 f - the cursed +0 acid dragon scales "Circumscribed Together" (worn) {rCorr, Alch, Bglg}
   (You took it off Maggie on level 9 of the Dungeon)

   rCorr:     It protects you from acid and corrosion.
   It has a curse which improves the following skills: Alchemy: Poison Magic and
   Transmutations.
   Beguiling: Conjurations, Hexes and Translocations.
 w - the cursed +2 hat of the Soothsayer (worn) {Alch, Melee}
   (You found it on level 3 of the Dungeon)

   It has a curse which improves the following skills: Alchemy: Poison Magic and
   Transmutations.
   Melee Combat: Short Blades, Long Blades, Axes, Maces & Flails, Polearms,
   Staves and Unarmed Combat.
 I - the cursed +5 kite shield of the Mantic Visionary (worn) {reflect, Fort, Melee}
   (You took it off Donald on level 2 of the Orcish Mines)

   It has a curse which improves the following skills: Fortitude: Armour and
   Shields.
   Melee Combat: Short Blades, Long Blades, Axes, Maces & Flails, Polearms,
   Staves and Unarmed Combat.
 X - the cursed +2 cloak of Desmomancy (worn) {rPois, Self, Range}
   (You bought it in a shop on level 14 of the Dungeon)

   It has a curse which improves the following skills: Introspection: Fighting
   and Spellcasting.
   Ranged Combat: Ranged Weapons and Throwing.
Jewellery
 t - a ring of fire
 K - the cursed ring "I Knew You'd Do That" (right hand) {*Slow rF+++ rC++ Str-3 Dex+6, Range, Fort}
   (You bought it in a shop on level 10 of the Dungeon)

   [ring of dexterity]

   Str:       It affects your strength (-3).
   Dex:       It affects your dexterity (+6).
   rF:        It renders you almost immune to fire.
   rC:        It greatly protects you from cold.
   *Slow:     It may slow you when you take damage.
   It has a curse which improves the following skills: Ranged Combat: Ranged
   Weapons and Throwing.
   Fortitude: Armour and Shields.
 N - the cursed ring "Shattered With Me" (left hand) {Will+, Comp, Melee}
   (You found it on level 1 of the Lair of Beasts)

   [ring of willpower]

   Will:      It increases your willpower.
   It has a curse which improves the following skills: Companions: Summonings
   and Necromancy.
   Melee Combat: Short Blades, Long Blades, Axes, Maces & Flails, Polearms,
   Staves and Unarmed Combat.
 U - the cursed amulet of the Ruined Boredom (around neck) {Regen+, Range, Comp}
   (You found it on level 5 of the Lair of Beasts)

   [amulet of regeneration]

   Regen:     It increases your rate of health regeneration.
   It has a curse which improves the following skills: Ranged Combat: Ranged
   Weapons and Throwing.
   Companions: Summonings and Necromancy.
Wands
 o - a wand of acid (23)
 v - a wand of flame (43)
 F - a wand of paralysis (19)
 Q - a wand of digging (6)
 S - a wand of iceblast (6)
Scrolls
 c - 3 scrolls of amnesia
 h - a scroll of summoning
 m - 5 scrolls of magic mapping
 n - 15 scrolls of teleportation
 q - 4 scrolls of fog
 s - 4 scrolls of fear
 x - 4 scrolls of noise
 y - 3 scrolls of enchant armour
 B - 3 scrolls of torment
 O - a scroll of silence
 P - 2 scrolls of brand weapon
 R - 5 scrolls of blinking
 T - a scroll of enchant weapon
 Y - a scroll of poison
Potions
 b - 4 potions of mutation
 i - 4 potions of resistance
 k - 5 potions of lignification
 p - 3 potions of attraction
 u - 2 potions of cancellation
 z - a potion of magic
 A - 5 potions of flight
 C - 4 potions of might
 D - 3 potions of curing
 G - 5 potions of haste
 H - 2 potions of brilliance
Miscellaneous
 L - a lightning rod (4/4)
 W - a phantom mirror
 Z - a box of beasts


   Skills:
 + Level 16.3(18.5) Fighting
 - Level 14.0(18.4) Long Blades
 + Level 13.2(17.7) Throwing
 - Level 6.8(11.3) Armour
 + Level 16.0(19.3) Dodging
 - Level 10.4(13.9) Stealth
 + Level 11.5(16.0) Shields
 + Level 12.2 Evocations


You had 14 spell levels left.
You knew the following spells:

 Your Spells              Type           Power      Damage    Failure   Level
a - Blink                 Tloc           0%         N/A       78%         2

Your spell library contained the following spells:

 Spells                   Type           Power      Damage    Failure   Level
 Necrotise                Necr           4%         1d4       58%         1
 Scorch                   Fire           0%         2d5       83%         2
 Vampiric Draining        Necr           1%         2d6       92%         3
 Summon Guardian Golem    Hex/Summ       0%         N/A       94%         3
 Conjure Flame            Conj/Fire      0%         6-21      95%         3
 Ignite Poison            Fire/Tmut/Pois 0%         N/A       95%         3
 Lesser Beckoning         Tloc           0%         N/A       95%         3
 Airstrike                Air            0%         2d(0-16)  100%        4
 Flame Wave               Conj/Fire      0%         2d4       100%        4
 Olgreb's Toxic Radiance  Pois           0%         N/A       100%        4
 Sticky Flame             Conj/Fire      0%         2d3       100%        4
 Summon Lightning Spire   Summ/Air       0%         N/A       100%        4
 Agony                    Necr           1%         N/A       100%        5
 Freezing Cloud           Conj/Ice/Air   0%         6-21      100%        5
 Iskenderun's Battlesphe  Conj           0%         2d6       100%        5
 Lightning Bolt           Conj/Air       0%         1d11      100%        5
 Manifold Assault         Tloc           0%         N/A       100%        5
 Summon Forest            Summ/Tloc      0%         N/A       100%        5
 Eringya's Noxious Bog    Tmut/Pois      0%         N/A       100%        6
 Iron Shot                Conj/Erth      0%         9d1       100%        6
 Simulacrum               Ice/Necr       0%         N/A       100%        6
 Summon Cactus Giant      Summ           0%         N/A       100%        6
 Orb of Destruction       Conj           0%         9d5       100%        7
 Ozocubu's Refrigeration  Ice            0%         4d7       100%        7
 Spellforged Servitor     Conj/Summ      0%         N/A       100%        7
 Summon Hydra             Summ           0%         N/A       100%        7
 Ignition                 Fire           0%         3d3       100%        8
 Chain Lightning          Conj/Air       0%         N/A       100%        9
 Fire Storm               Conj/Fire      0%         5d1       100%        9
 Polar Vortex             Ice            0%         N/A       100%        9
 Shatter                  Erth           0%         3d5*      100%        9


Dungeon Overview and Level Annotations

Branches:
Dungeon (15/15)            Temple (0/1) D:6            Lair (5/5) D:9
  Swamp (0/4) Lair:3       Spider (3/4) Lair:3        Slime (0/5) Lair:4
    Orc (2/2) D:10            Elf (0/3) Orc:2        Vaults (0/5) D:13
 Depths (0/4) D:15          IceCv (visited)

Altars:
Ashenzari
Cheibriados
Hepliaklqana
Okawaru
Qazlal
Sif Muna
Uskayaw
Zin
The Shining One
Jiyva

Shops:
D:2 (   D:5 [(   D:10 *   D:14 [?*(   Orc:2 *(?(

Annotations:
Lair:1 exclusion: downstairs


Innate Abilities, Weirdness & Mutations

((You are very nimble when in or above water. (Stealth+, EV+, Speed+++)))
Your lower body shifts to a powerful aquatic tail in water.


Message History

The radroach is almost dead.
You block the radroach's attack. x2
The tarantella touches you but does no damage.
The broodmother closely misses you.
You hit the radroach. You burn the radroach.
The radroach is almost dead.
The tarantella completely misses you. The radroach completely misses you.
You block the radroach's attack.
You hit the radroach. You burn the radroach.
The radroach is almost dead.
You block the broodmother's attack. The culicivora bites you.
The culicivora draws strength from your injuries!
You block the tarantella's attack.
You hit the radroach. You burn the radroach.
The radroach is almost dead.
You block the broodmother's attack. You block the radroach's attack.
The radroach barely misses you. You block the culicivora's attack.
The tarantella completely misses you.
You barely miss the radroach.
The radroach is almost dead.
You block the culicivora's attack. The tarantella misses you.
The broodmother bites you!!
The radroach erupts in a fountain of uncontrolled magic!
You are blasted with magical radiation!!
You are lightly contaminated with residual magic.
You feel yourself speed up.
The culicivora bites you but does no damage.
You block the tarantella's attack. The broodmother closely misses you.
The radroach erupts in a fountain of uncontrolled magic!
You are blasted with magical radiation!
* * * LOW HITPOINT WARNING * * *
You are contaminated with residual magic.
The tarantella touches you.
* * * LOW HITPOINT WARNING * * *
The culicivora misses you.
You feel better. You block the broodmother's attack.
You block the culicivora's attack. You block the tarantella's attack.
The radroach erupts in a fountain of uncontrolled magic!
You are blasted with magical radiation!!!
You die...

##.#######...^..........
##.......#...............
###......########..######
###......................
#....^..................>
##.##.................^..
#######...............#..
###......s........^......
#^....B@s...............
##......s....#####......
###.....................
###^....................
####....................
###.....................
####...................
###..#.#####..........
############.###^....


You could see a broodmother, a radroach, a culicivora (summoned) and a
tarantella (summoned).

Vanquished Creatures
  Kirke (D:14)
  Donald (Orc:2)
  3 ghost moths
  2 emperor scorpions
  2 broodmothers
  Azrael (Orc:2)
  An entropy weaver (Spider:1)
  Harold (D:9)
  7 hydras
  4 vault guards (D:13)
  3 ogre magi (D:15)
  Erica (D:9)
  A merfolk avatar (Lair:5)
  A jorogumo (Spider:2)
  Erolcha (D:9)
  2 death knights (D:12)
  2 radroaches (Spider:2)
  5 centaur warriors
  9 boulder beetles
  17 two-headed ogres
  2 tengu warriors
  Urug (D:11)
  3 orc high priests (Orc:2)
  8 death yaks
  Nergalle (Lair:1)
  A deep elf knight (D:12)
  Amaemon (Lair:1)
  A sun moth (Spider:1)
  A skeletal warrior (D:12)
  A pharaoh ant (Spider:1)
  2 deep trolls (D:15)
  3 steelbarb worms
  A lindwurm (Lair:3)
  4 orb spiders
  3 bog bodies (Lair:3)
  A harpy (Lair:5)
  3 wizards (D:15)
  6 wolf spiders
  5 deep elf pyromancers
  4 orc sorcerers (Orc:2)
  7 manticores
  18 ugly things
  5 cyclopes
  7 orc knights
  9 black mambas
  4 moths of wrath
  11 elephants
  3 torpor snails
  6 gargoyles (D:12)
  Maggie (D:9)
  2 unseen horrors
  6 rime drakes
  14 cane toads
  4 kobold demonologists
  2 freezing wraiths
  An orange demon (Lair:1)
  17 komodo dragons
  5 demonic crawlers
  A yaktaur (shapeshifter) (D:13)
  An efreet (D:12)
  A meliai (D:12)
  3 polar bears
  12 trolls
  17 blink frogs
  A hornet (D:12)
  16 tarantellas
  8 slime creatures
  A dream sheep (shapeshifter) (D:15)
  2 snapping turtles (Lair:5)
  6 dream sheep (Lair:3)
  13 jumping spiders
  2 centaur simulacra
  8 culicivoras
  2 shadows
  A wraith (D:12)
  A dire elephant simulacrum (IceCv)
  32 yaks
  4 wyverns
  A hog (D:14)
  2 fire elementals (Orc:2)
  18 redbacks
  6 basilisks
  18 vampire mosquitoes
  2 death yak simulacra (IceCv)
  6 wargs
  3 acid dragons
  3 hell hounds (Orc:2)
  10 water moccasins
  4 black bears
  A sky beast (D:7)
  17 orc warriors
  9 centaurs
  2 ice beasts
  16 ogres
  A wolf (Lair:4)
  3 kobold brigands (D:12)
  2 gnoll sergeants
  16 bullfrogs
  3 scorpions
  2 necrophages
  10 wights
  An elephant simulacrum (IceCv)
  19 killer bees
  8 howler monkeys
  4 electric eels
  A lava snake (D:14)
  15 orc priests
  A gnoll bouda (D:7)
  4 hounds
  5 jellies
  Jessica (D:2)
  Natasha (thrice) (D:3)
  Terence (D:3)
  4 iguanas
  24 orc wizards
  A polar bear simulacrum (IceCv)
  3 adders
  15 gnolls
  A white imp (D:6)
  An ufetubus (D:4)
  A worm (D:4)
  4 dart slugs
  52 orcs
  4 ball pythons
  4 endoplasms
  2 giant cockroaches
  12 goblins
  10 hobgoblins
  10 jackals
  2 quokkas
  12 bats
  4 frilled lizards
  8 kobolds
  6 rats
769 creatures vanquished.

Vanquished Creatures (collateral kills)
  An orc priest (Orc:2)
  An orc (Orc:2)
2 creatures vanquished.

Vanquished Creatures (others)
  A manticore (D:13)
  A human (D:14)
  A redback (Spider:2)
  A bush (Lair:2)
  27 fungi
  40 plants
  6 toadstools (D:9)
77 creatures vanquished.

Grand Total: 848 creatures vanquished

Notes
Turn   | Place    | Note
-------+----------+-------------------------------------------
     0 | D:1      | fleeber the Merfolk Gladiator began the quest for the Orb.
     0 | D:1      | Reached XP level 1. HP: 16/16 MP: 1/1
   363 | D:1      | Reached XP level 2. HP: 19/22 MP: 2/2
  1017 | D:1      | Found a faded altar of an unknown god.
  1028 | D:1      | Reached skill level 5 in Long Blades
  1028 | D:1      | Reached XP level 3. HP: 26/27 MP: 3/3
  1420 | D:2      | Found Mizosutunu's Weapon Shoppe.
  1498 | D:2      | Noticed Jessica
  1518 | D:2      | Killed Jessica
  1519 | D:2      | Reached XP level 4. HP: 6/33 MP: 4/4
  2503 | D:3      | Noticed a +0 short sword
  2505 | D:3      | Noticed a +0 spear
  2505 | D:3      | Noticed a +0 falchion
  2505 | D:3      | Noticed a +0 falchion
  2505 | D:3      | Noticed a +0 dagger
  2505 | D:3      | Noticed a +0 dagger
  2508 | D:3      | Noticed a +0 spear
  2509 | D:3      | Noticed a +0 short sword
  2538 | D:3      | Found a hide-covered altar of Uskayaw.
  2616 | D:3      | Noticed Terence
  2632 | D:3      | Killed Terence
  2633 | D:3      | Reached XP level 5. HP: 28/38 MP: 5/5
  2730 | D:3      | Noticed Natasha
  2734 | D:3      | Killed Natasha
  3585 | D:3      | Noticed Natasha
  3687 | D:3      | Killed Natasha
  3872 | D:3      | Noticed Natasha
  3877 | D:3      | Killed Natasha
  3878 | D:3      | Reached XP level 6. HP: 14/44 MP: 6/6
  4357 | D:4      | Found a snail-covered altar of Cheibriados.
  4991 | D:4      | Found a broken altar of Ashenzari.
  5319 | D:5      | Entered Level 5 of the Dungeon
  5569 | D:4      | Reached XP level 7. HP: 7/50 MP: 7/7
  6050 | D:4      | Found a shimmering blue altar of Sif Muna.
  6050 | D:4      | Found a hazy altar of Hepliaklqana.
  6061 | D:4      | Became a worshipper of Ashenzari the Shackled
  6140 | D:5      | Found Izulaz's Antique Armour Boutique.
  6278 | D:4      | Reached skill level 10 in Long Blades
  6771 | D:5      | Identified the +0 robe "Wyhy" {rElec}
  7066 | D:5      | Reached XP level 8. HP: 45/56 MP: 8/8
  7181 | D:5      | Found Enam's Weapon Emporium.
  7513 | D:6      | Found a staircase to the Ecumenical Temple.
  7949 | D:6      | Found a glowing golden altar of the Shining One.
  7999 | D:6      | Found Zin's Purification Station.
  8002 | D:6      | Found a glowing silver altar of Zin.
  8007 | D:6      | Bought a potion of curing for 90 gold pieces
  8102 | D:6      | Noticed a troll
  8136 | D:6      | Killed a troll
  8137 | D:6      | Noticed a shadow
  8434 | D:6      | Killed a shadow
  8435 | D:6      | Reached XP level 9. HP: 42/62 MP: 9/9
  8762 | D:6      | Reached * piety under Ashenzari
  9028 | D:7      | Reached skill level 1 in Stealth
  9079 | D:7      | Reached skill level 1 in Evocations
  9345 | D:7      | Reached skill level 1 in Armour
 10031 | D:7      | Reached skill level 5 in Dodging
 10171 | D:7      | Found the +7 staff of the Meek {protect, meekguard}
 10440 | D:7      | Reached ** piety under Ashenzari
 10558 | D:8      | Reached XP level 10. HP: 34/76 MP: 10/10
 11739 | D:9      | Noticed Erolcha
 12348 | D:9      | Killed Erolcha
 12349 | D:9      | Reached skill level 1 in Shields
 12359 | D:9      | Noticed an elephant
 12819 | D:9      | Killed an elephant
 12820 | D:9      | Reached skill level 5 in Fighting
 13795 | D:9      | Reached skill level 5 in Stealth
 13892 | D:9      | Paralysed by a centaur for 5 turns
 13907 | D:9      | Found a staircase to the Lair.
 14190 | D:9      | Noticed Maggie
 14202 | D:9      | Killed Maggie
 14203 | D:9      | Reached skill level 5 in Throwing
 14304 | D:9      | Noticed Erica
 14330 | D:9      | Killed Erica
 14331 | D:9      | Reached XP level 11. HP: 73/84 MP: 11/11
 14520 | D:9      | Noticed Harold
 14751 | D:9      | Killed Harold
 15079 | D:10     | Entered Level 10 of the Dungeon
 15246 | D:9      | Reached skill level 5 in Evocations
 15395 | D:9      | Identified the cursed +2 cloak "Unveiling Stoicism" {Self,
                  | Fort} (You found it on level 5 of the Dungeon)
 15395 | D:9      | Identified the cursed +2 hat of the Soothsayer {Alch,
                  | Melee} (You found it on level 3 of the Dungeon)
 15511 | D:10     | Found a staircase to the Orcish Mines.
 15923 | D:10     | Found Imaebo's Assorted Antiques.
 16054 | D:10     | Reached *** piety under Ashenzari
 16068 | D:10     | Bought a potion of heal wounds for 100 gold pieces
 16068 | D:10     | Bought a crude amber ring for 100 gold pieces
 16068 | D:10     | Identified the ring of Iheoson {*Slow rF+++ rC++ Str-3
                  | Dex+6} (You bought it in a shop on level 10 of the Dungeon)
 16073 | D:10     | Found a viscous altar of Jiyva.
 16224 | D:10     | Found a stormy altar of Qazlal.
 16591 | D:11     | Noticed a manticore
 16599 | D:11     | Killed a manticore
 16643 | D:11     | Noticed Urug
 16664 | D:11     | Killed Urug
 16759 | D:11     | Reached XP level 12. HP: 88/94 MP: 12/12
 17328 | Lair:1   | Entered Level 1 of the Lair of Beasts
 17342 | Lair:1   | Noticed Nergalle
 17361 | Lair:1   | Killed Nergalle
 17391 | Lair:1   | Noticed a five-headed hydra
 17400 | Lair:1   | Killed a one-headed hydra
 17714 | Lair:1   | Noticed Amaemon
 17737 | Lair:1   | Reached skill level 5 in Shields
 17741 | Lair:1   | Found a frozen archway.
 17809 | Lair:1   | Killed Amaemon
 17915 | IceCv    | Entered an ice cave
 17938 | IceCv    | Reached **** piety under Ashenzari
 17989 | IceCv    | Identified the +4 ring mail of the Six of Swords {Int+2
                  | SInv}
 18244 | Lair:1   | Reached skill level 5 in Armour
 18413 | Lair:2   | Noticed a death yak
 18413 | Lair:2   | Noticed a death yak
 18413 | Lair:2   | Noticed a death yak
 18418 | Lair:2   | Noticed a death yak
 18427 | Lair:1   | Killed a death yak
 18681 | Lair:2   | Killed a death yak
 18693 | Lair:2   | Killed a death yak
 18705 | Lair:2   | Killed a death yak
 18706 | Lair:2   | Reached skill level 10 in Dodging
 18706 | Lair:2   | Reached XP level 13. HP: 46/104 MP: 13/13
 19922 | Lair:3   | Found a staircase to the Swamp.
 20526 | Lair:3   | Found a hole to the Spider Nest.
 20987 | Lair:4   | Found a viscous altar of Jiyva.
 20987 | Lair:4   | Found a staircase to the Slime Pits.
 21175 | Lair:4   | Reached ***** piety under Ashenzari
 21905 | Lair:4   | Reached XP level 14. HP: 116/116 MP: 14/14
 22095 | Lair:5   | Entered Level 5 of the Lair of Beasts
 22408 | Lair:5   | Identified a scroll of acquirement
 22431 | Lair:5   | Acquired a manual of Fighting
 22910 | Lair:5   | Reached skill level 10 in Fighting
 24858 | D:12     | Identified the +10 mace of Unreason {vorpal, Str+5}
 25110 | D:12     | Reached skill level 10 in Throwing
 25139 | D:12     | Identified the +2 glaive of Blood-Lust {vorpal, rC++ rCorr
                  | Dex+4 Stlth-}
 25155 | D:12     | Reached XP level 15. HP: 102/129 MP: 15/15
 25597 | D:12     | Reached skill level 10 in Evocations
 25770 | D:12     | Identified the +1 pair of gloves of Compression {Dex+3}
 26360 | Orc:1    | Entered Level 1 of the Orcish Mines
 26935 | Orc:2    | Entered Level 2 of the Orcish Mines
 27077 | Orc:2    | Found Pokhliko's Weapon Shop.
 27077 | Orc:2    | Found Abric's General Store.
 27078 | Orc:2    | Found Umneshua's Magic Scroll Shoppe.
 27078 | Orc:2    | Found Cisiedub's Antique Weapon Shoppe.
 27251 | Orc:2    | Noticed Azrael
 27283 | Orc:2    | Killed Azrael
 27312 | Orc:2    | Found a staircase to the Elven Halls.
 27464 | Orc:2    | Noticed Donald
 27477 | Orc:2    | Killed Donald
 27682 | Orc:2    | Bought a scroll of acquirement for 936 gold pieces
 27684 | Orc:2    | Acquired 743 gold pieces
 27721 | Orc:2    | Bought a scroll of teleportation for 54 gold pieces
 27721 | Orc:2    | Bought a scroll of fear for 72 gold pieces
 27721 | Orc:2    | Bought a scroll of blinking for 135 gold pieces
 27731 | Orc:2    | Bought a potion of might for 48 gold pieces
 27731 | Orc:2    | Bought a scroll of teleportation for 36 gold pieces
 27731 | Orc:2    | Bought a scroll of teleportation for 36 gold pieces
 27928 | Orc:2    | Bought a scroll of enchant armour for 135 gold pieces
 27928 | Orc:2    | Bought 3 scrolls of enchant armour for 405 gold pieces
 28135 | D:13     | Found a gate to the Vaults.
 28179 | D:13     | Reached skill level 10 in Stealth
 28195 | D:13     | Reached skill level 10 in Shields
 28434 | D:13     | Reached XP level 16. HP: 138/138 MP: 16/16
 28579 | D:13     | Found an iron altar of Okawaru.
 28987 | D:13     | Learned a level 2 spell: Blink
 29111 | D:14     | Found Pocw's Assorted Antiques.
 29117 | D:14     | Bought a potion of resistance for 260 gold pieces
 29184 | D:14     | Found Zoma's Antique Weapon Shoppe.
 29306 | D:14     | Noticed Kirke
 29335 | D:14     | Killed Kirke
 29400 | D:14     | Found Ypohy's Armour Shop.
 29408 | D:14     | Bought a +2 cloak of poison resistance for 259 gold pieces
 29598 | D:14     | Found Jiybebli's Magic Scroll Emporium.
 29608 | D:14     | Bought a scroll of blinking for 127 gold pieces
 29608 | D:14     | Bought a scroll of blinking for 127 gold pieces
 29608 | D:14     | Bought a scroll of blinking for 127 gold pieces
 29608 | D:14     | Bought a scroll of blinking for 127 gold pieces
 29608 | D:14     | Bought a scroll of fear for 68 gold pieces
 29749 | D:15     | Entered Level 15 of the Dungeon
 29840 | D:15     | Found a staircase to the Depths.
 30017 | D:15     | Identified the +10 great sword "Eviscerator" {vorpal,
                  | Stlth+}
 30303 | D:15     | Reached skill level 15 in Dodging
 30364 | D:15     | Acquired a manual of Throwing
 30506 | D:15     | Reached skill level 15 in Fighting
 30847 | Spider:1 | Entered Level 1 of the Spider Nest
 31372 | Spider:1 | Reached XP level 17. HP: 142/149 MP: 1/17
 33272 | Spider:2 | Mangled by a radroach

Illustrated notes

Levels and vault maps discovered:
D:1:      dpeg_arrival_refuge, layout_loops_corners,
          hellmonk_ecumenical_altar_run_dry
D:2:      layout_basic, serial_shops, nicolae_shop_hallway_plus, uniq_jessica
D:3:      layout_basic, nicolae_uskayaw_en_pointe, uniq_terence, uniq_natasha
D:4:      layout_loops_ring, mainiacjoe_overflow_small_starburst,
          nicolae_overflow_hidden_temple, chequers_serial_rivers_small_b
D:5:      layout_rooms, serial_co_window_serial, co_window_paths_a,
          co_window_corner_a, co_window_of_opportunity_a, co_window_corner_a,
          co_window_paths_a, co_window_paths_c, co_window_broadway_a,
          co_window_2corner, co_window_corner_b, co_window_broadway_a,
          co_window_corner_b, co_window_corner_b, glass_columns_a,
          glass_columns_a, glass_columns_c, serial_shops,
          nicolae_shop_behind_doors, nicolae_shop_stone,
          roderic_serpentine_path, kennysheep_generic_room_4
D:6:      kennysheep_big_flooded_room, layout_basic, general_overflow_altar,
          zin_purify, minmay_temple_entry_waves
D:7:      layout_loops_cross, pf_guarded_unrand_meek
D:8:      layout_basic, eino_tiny_chamber
D:9:      layout_irregular_city, david_lair_generic, minmay_gold_behind_fungi,
          uniq_erica, uniq_harold, uniq_erolcha, uniq_maggie
D:10:     layout_rooms, grunt_qazlal_clouds, david_orc_3, serial_shops,
          nicolae_square_shop, grunt_decor_resistance, kennysheep_pointless_box,
          jiyva_altar_1
D:11:     layout_gridville, uniq_urug
D:12:     minmay_the_grid_square_5x5_5x5_mashed
          [minmay_the_grid_square_5x5_lines, minmay_the_grid_square_5x5_slash,
          minmay_the_grid_square_5x5_eight_small,
          minmay_the_grid_square_5x5_moneybag,
          minmay_the_grid_square_5x5_percent,
          minmay_the_grid_square_5x5_dogpile,
          minmay_the_grid_square_5x5_prize_open,
          minmay_the_grid_square_5x5_hourglass,
          minmay_the_grid_square_5x5_prize_pseudospiral,
          minmay_the_grid_square_5x5_broken_cross,
          minmay_the_grid_square_5x5_corner,
          minmay_the_grid_square_5x5_checkered_statues,
          minmay_the_grid_square_5x5_prize_snowflake,
          minmay_the_grid_square_5x5_six_small, minmay_the_grid_square_5x5_mess,
          minmay_the_grid_square_5x5_spiral_small,
          minmay_the_grid_square_5x5_prize_gold,
          minmay_the_grid_square_5x5_gyroscope,
          minmay_the_grid_square_5x5_prize_open, minmay_the_grid_square_5x5_six,
          minmay_the_grid_square_5x5_two_walls_b,
          minmay_the_grid_square_5x5_intrusive_squares,
          minmay_the_grid_square_5x5_two,
          minmay_the_grid_square_5x5_tetrominoes,
          minmay_the_grid_square_5x5_detours], layout_rooms, blue_anna_alchemist
D:13:     layout_cave_pods, lightli_vaults_fourway_checkpoint, minivault_27,
          kennysheep_okawaru_gauntlet
D:14:     layout_rooms, kennysheep_another_room, serial_shops,
          nicolae_lakefront_shop, shop_statue, shop,
          nicolae_shop_competitors_out_of_business, nooodl_orcs_dogs, uniq_kirke
D:15:     hangedman_depths_entry_civil_slaughter, layout_loops_corners
Lair:1:   layout_misc_corridors, enter_volcano_4, portal_ice_cave_rime,
          beast_lair_carwin_9, uniq_nergalle, uniq_amaemon
Lair:2:   layout_long_grid
Lair:3:   layout_roguey, nicolae_swamp_entry_splash_gauntlet,
          hellmonk_spider_entry_life_and_decay, infiniplex_staircase_pool
Lair:4:   nzn_winding_woodlands_medium [nzn_winding_woodlands_hourglass,
          nzn_winding_woodlands_5x15_longhouse,
          nzn_winding_woodlands_5x5_default,
          nzn_winding_woodlands_5x5_open_star,
          nzn_winding_woodlands_center_garden,
          nzn_winding_woodlands_5x5_perimeter,
          nzn_winding_woodlands_5x5_closed_star,
          nzn_winding_woodlands_5x15_concentric,
          nzn_winding_woodlands_5x5_cross], layout_concentric_octagons,
          slime_entry_1, fungi_pond_lemuel
Lair:5:   gammafunk_lair_ancient_temple, layout_hall_layers, pond
Spider:1: layout_spider_delve
Spider:2: layout_spider_delve
Spider:3: layout_spider_delve, gammafunk_ghost_tricky_traps,
          nicolae_spider_undead_wolf_pack
Orc:1:    layout_diamond_mine
Orc:2:    st_orc_elflike, layout_caves, uniq_azrael, uniq_donald

Skill      XL: |  1  2  3  4  5  6  7  8  9 10 11 12 13 14 15 16 17 |
---------------+----------------------------------------------------+-----
Long Blades    | 4 5 6 7 9 11 13 14 | 14.0
Stealth        | 3 5 7 8 9 10 | 10.4
Evocations     | 2 4 5 6 8 9 10 11 12 | 12.2
Armour         | 2 3 4 5 6 |  6.8
Fighting       | 3 5 6 8 9 12 13 15 16 | 16.3
Throwing       | 3 5 6 7 8 10 11 12 13 | 13.2
Dodging        | 5 7 8 10 11 13 14 15 16 | 16.0
Shields        | 2 4 5 7 8 10 11 | 11.5

Action                   |  1- 3 |  4- 6 |  7- 9 | 10-12 | 13-15 | 16-18 || total
-------------------------+-------+-------+-------+-------+-------+-------++-------
Melee: Long sword        |    92 |   202 |   267 |   504 |       |       ||  1065
       Punch             |     1 |     2 |     6 |     1 |       |       ||    10
       Scimitar          |       |       |       |   180 |  1045 |   773 ||  1998
       Tailslap          |       |       |       |       |       |     2 ||     2
Throw: Stone             |       |       |     4 |     3 |    31 |    18 ||    56
       Dart              |       |       |       |    13 |    11 |       ||    24
       Javelin           |       |       |       |     3 |       |       ||     3
Invok: Curse Item        |       |       |     3 |     4 |     4 |     2 ||    13
       Shatter the Chain |       |       |       |     2 |     1 |     1 ||     4
Evoke: Wand              |       |       |       |    14 |    30 |    14 ||    58
       Lightning rod     |       |       |       |       |       |     5 ||     5
  Use: Scroll            |       |     3 |     1 |     7 |    16 |     4 ||    31
       Potion            |       |       |     3 |     4 |     1 |    11 ||    19
 Stab: Distracted        |       |     1 |       |       |     7 |     5 ||    13
       Sleeping          |       |     1 |     2 |     8 |    14 |     7 ||    32
       Paralysed         |       |       |       |     5 |       |       ||     5
Armor: Leather armour    |    34 |       |       |       |       |       ||    34
       Ring mail         |     4 |    72 |    57 |    69 |       |       ||   202
       Acid dragon scale |       |       |       |    98 |   141 |   118 ||   357
       Skin              |       |       |       |    18 |       |       ||    18
Dodge: Dodged            |   107 |   131 |   172 |   316 |   544 |   681 ||  1951
Block: Tower shield      |       |       |       |   714 |  1058 |       ||  1772
       Kite shield       |       |       |       |       |    78 |   980 ||  1058
       Reflection        |       |       |       |       |     4 |     9 ||    13
